 Dungeon Crawl Stone Soup version 0.17-a0-1570-g74b7129 (webtiles) character file.

3202 mrath the Thaumaturge (level 9, -13/49 HPs)
             Began as a Gargoyle Earth Elementalist on July 23, 2015.
             Was a Believer of Vehumet.
             Mangled by an orc warrior
             ... wielding a +0 battleaxe
              (17 damage)
             ... on level 7 of the Dungeon.
             The game lasted 01:58:47 (13481 turns).

mrath the Thaumaturge (GrEE)                       Turns: 13481, Time: 01:58:47

Health: -13/49     AC: 18    Str: 15    XL:     9   Next: 96%
Magic:  4/21       EV: 16    Int: 19    God:    Vehumet [**....]
Gold:   285        SH:  0    Dex: 10    Spells: 5 memorised, 11 levels left

rFire  + . .     SeeInvis .     p - +1 mace (protect)
rCold  . . .     Clarity  .     I - +2 robe {rF+}
rNeg   + + .     SustAt   .     (no shield)
rPois  ∞         Gourm    .     m - +1 helmet
rElec  +         Spirit   .     t - +0 cloak
rCorr  .         Warding  +     P - +0 pair of gloves
rMut   .         Stasis   .     (no boots)
MR     .....                    S - amulet of the First Souls {Ward *Drain rPois rN+ Str+3}
Stlth  ++........               O - ring of flight
                                x - +4 ring of evasion

@: not resistant to hostile enchantments, unstealthy
A: negative energy resistance 1, electricity resistance, unbreathing,
petrification resistance, rot immunity, AC +5
a: Renounce Religion, Evoke Flight


You were on level 7 of the Dungeon.
You worshipped Vehumet.
Vehumet was pleased with you.
You were very hungry.

You visited 2 branches of the dungeon, and saw 8 of its levels.
You also visited: Sewer.

You collected 285 gold pieces.

Inventory:

Hand weapons
 p - a +1 mace of protection (weapon)
 s - a +0 hunting sling
 z - a +0 blowgun
 D - a +0 hand axe of chopping
 H - a +2 whip of freezing
 L - a +2 dire flail of crushing
Missiles
 a - 177 stones (quivered)
 B - 2 poisoned needles
 F - 89 sling bullets
 K - 7 tomahawks
Armour
 m - a +1 helmet (worn)
 t - a +0 cloak (worn)
 I - a +2 robe of fire resistance (worn)
 P - a +0 pair of gloves (worn)
Jewellery
 x - a +4 ring of evasion (left hand)
 O - a ring of flight (right hand)
 S - the amulet of the First Souls (around neck) {Ward *Drain rPois rN+ Str+3}
   (You found it on level 6 of the Dungeon)

   [amulet of warding]

   It may prevent the melee attacks of summoned creatures.
   It affects your strength (+3).
   It protects you from poison.
   It protects you from negative energy.
   It causes draining when unequipped.
Magical devices
 A - a wand of teleportation (3)
 G - a wand of digging (4)
Scrolls
 b - a scroll of blinking {unknown}
 h - 2 scrolls of remove curse
 i - a scroll of amnesia {unknown}
 n - 3 scrolls of fog {unknown}
 o - a scroll of random uselessness {unknown}
 q - a scroll of recharging
 w - 2 scrolls of magic mapping
 y - 3 scrolls of teleportation
 E - 2 scrolls of immolation {unknown}
 T - a scroll of identify
Potions
 d - 2 potions of invisibility
 f - 2 potions of might
 g - a potion of agility
 j - a potion of heal wounds
 k - a potion of ambrosia {unknown}
 l - 2 potions of curing {unknown}
 C - a potion of magic {unknown}
 Q - a potion of poison {unknown}
 U - 2 potions of haste {unknown}
Books
 c - a book of Geomancy

   Spells                             Type                      Level
   a - Sandblast                      Earth                        1
   b - Stoneskin                      Transmutation/Earth          2
   c - Passwall                       Transmutation/Earth          3
   d - Stone Arrow                    Conjuration/Earth            3
   e - Petrify                        Transmutation/Earth          4
   f - Lee's Rapid Deconstruction     Earth                        5
Comestibles
 r - 3 meat rations
 u - 3 chunks of flesh


   Skills:
 + Level 2.7 Fighting
 + Level 3.0 Throwing
 + Level 2.9 Dodging
 - Level 2.1 Stealth
 * Level 8.2 Spellcasting
 + Level 3.3 Conjurations
 + Level 4.3 Transmutations
 + Level 7.8 Earth Magic
 + Level 2.4 Evocations


You had 11 spell levels left.
You knew the following spells:

 Your Spells              Type           Power        Failure   Level  Hunger
a - Sandblast             Erth           #####.       1%          1    None
b - Stoneskin             Trmt/Erth      ####....     1%          2    None
c - Stone Arrow           Conj/Erth      ####..       2%          3    None
d - Lee's Rapid Deconstr  Erth           #####.....   12%         5    #####..
e - Searing Ray           Conj           ###...       4%          2    None


Dungeon Overview and Level Annotations

Branches:
Dungeon (7/15)             Temple (1/1) D:6

Altars:
Ashenzari
Dithmenos
Elyvilon
Gozag
Makhleb
Ru
Sif Muna
Trog
Vehumet
Yredelemnul
The Shining One


Innate Abilities, Weirdness & Mutations

You are resistant to torment.
Your stone body is resilient (AC +5).
You are immune to poison.
You resist negative energy.
You are resistant to electric shocks.
You can survive without breathing.
You are immune to petrification.
You are immune to rotting.


Message History

The orc warrior hits you but does no damage.
The orc hits you.
* * * LOW HITPOINT WARNING * * *
You hit the orc warrior.
The orc warrior is almost dead.
The orc warrior closely misses you. The orc barely misses you.
You hit the orc warrior but do no damage.
The orc warrior is almost dead.
The orc closely misses you.
The orc warrior hits you but does no damage.
The orc closely misses you.
You hit the orc warrior but do no damage.
The orc warrior is almost dead.
The orc warrior hits you with a battleaxe.
* * * LOW HITPOINT WARNING * * *
The orc closely misses you.
You hit the orc warrior but do no damage.
The orc warrior is almost dead.
The orc warrior hits you with a battleaxe!
You die...

..............(.......).......#
######..##.#.##(#######(.####.#
...........#.##.# #..#
######..##.#.##(# #..#
..............).# #r.#
######..##.#.#### #..#
#..##o### #@.####.# #..##.#
########........
#..##.#####@....(.........
######..##.....oo..........r...
........################.######
######.############# .#
#............<# ##
###############


You could see an orc warrior and an orc.

Vanquished Creatures
  Pikel (D:3)
  Joseph (D:7)
  Edmund (D:4)
  The ghost of Ajdolov the Conjurer, an average TeWz (D:5)
  A phantom (D:5)
  2 ogres (D:4)
  A centaur (D:5)
  The ghost of PeterLawrence the Cudgeler, an average GrFi (D:4)
  3 big kobolds (Sewer)
  4 giant frogs
  3 scorpions
  3 crimson imps
  A centaur zombie (D:6)
  A quasit (D:5)
  2 giant frog zombies (D:6)
  A wasp zombie (D:6)
  3 orc priests
  2 giant frog skeletons (D:6)
  4 hounds
  2 orc wizards
  A killer bee zombie (D:2)
  4 worker ants
  2 hound zombies
  2 hound skeletons
  A worker ant zombie (D:6)
  Robin (D:3)
  15 adders
  3 gnolls (D:3)
  5 river rats (Sewer)
  3 shadow imps
  4 oozes
  An adder skeleton (D:6)
  An adder zombie (D:5)
  4 worms
  5 giant geckos
  15 orcs
  8 ball pythons
  15 bats
  2 bat skeletons (D:6)
  A bat zombie (D:5)
  7 giant cockroaches
  18 hobgoblins
  20 jackals
  16 kobolds
  A giant gecko skeleton (D:6)
  5 giant newts
  24 goblins
  A jackal zombie (D:6)
  2 quokkas
  A quokka zombie (D:6)
  24 rats
250 creatures vanquished.

Vanquished Creatures (others)
  2 slaves (D:4)
  A hound (D:4)
  An orc (D:3)
  A giant cockroach (D:4)
  A goblin (D:4)
6 creatures vanquished.

Grand Total: 256 creatures vanquished

Notes
Turn   | Place    | Note
--------------------------------------------------------------
     0 | D:1      | mrath the Gargoyle Earth Elementalist began the quest for the Orb.
     0 | D:1      | Reached XP level 1. HP: 10/10 MP: 3/3
   374 | D:1      | Reached XP level 2. HP: 15/15 MP: 3/5
   672 | D:1      | Reached skill level 4 in Earth Magic
  1045 | D:1      | Learned a level 2 spell: Stoneskin
  1064 | D:1      | Reached XP level 3. HP: 19/19 MP: 5/7
  2137 | D:2      | Reached XP level 4. HP: 16/24 MP: 7/9
  3302 | D:2      | Found a sacrificial altar of Ru.
  3913 | D:2      | Reached XP level 5. HP: 28/28 MP: 6/11
  3955 | D:2      | Learned a level 3 spell: Stone Arrow
  4171 | D:3      | Reached skill level 5 in Earth Magic
  4803 | D:3      | Reached skill level 1 in Transmutations
  5202 | D:3      | Reached XP level 6. HP: 28/32 MP: 9/13
  5554 | D:3      | Noticed a hippogriff
  5738 | D:3      | Reached skill level 5 in Spellcasting
  6239 | D:4      | Noticed PeterLawrence's ghost (average GrFi)
  6494 | D:4      | Noticed Pikel
  6626 | D:4      | Reached XP level 7. HP: 16/36 MP: 13/15
  6884 | D:4      | Noticed Robin
  6944 | D:3      | Killed Pikel
  6944 | D:3      | Reached skill level 6 in Spellcasting
  6944 | D:3      | Reached XP level 8. HP: 12/41 MP: 0/17
  7179 | D:3      | Killed Robin
  7292 | D:4      | Noticed Edmund
  7318 | D:4      | Killed Edmund
  7540 | D:2      | HP: 2/41 [hippogriff (1)]
  7557 | D:2      | HP: 2/41 [adder (2)]
  8072 | D:4      | Reached skill level 7 in Spellcasting
  8191 | D:4      | Killed PeterLawrence's ghost
  8274 | D:4      | Found an opulent altar of Gozag.
  8740 | D:5      | Entered Level 5 of the Dungeon
  9135 | D:5      | Found a shattered altar of Ashenzari.
  9222 | D:5      | Noticed Ajdolov's ghost (average TeWz)
  9234 | D:5      | Killed Ajdolov's ghost
  9260 | D:5      | Reached skill level 1 in Fighting
  9260 | D:5      | Reached skill level 1 in Throwing
  9260 | D:5      | Reached skill level 1 in Conjurations
  9555 | D:5      | Reached XP level 9. HP: 45/47 MP: 12/20
  9610 | D:5      | Reached skill level 1 in Evocations
  9880 | D:5      | Learned a level 5 spell: Lee's Rapid Deconstruction
  9954 | D:5      | Found a burning altar of Makhleb.
 10446 | D:6      | Found a staircase to the Ecumenical Temple.
 10455 | Temple   | Entered the Ecumenical Temple
 10530 | Temple   | Became a worshipper of Vehumet
 10616 | D:6      | Found a glowing drain.
 10662 | Sewer    | Entered a sewer
 11444 | Sewer    | Acquired Vehumet's first power
 11444 | Sewer    | Offered knowledge of Flame Tongue by Vehumet.
 12164 | D:6      | Reached skill level 8 in Spellcasting
 13012 | D:6      | Got a scintillating copper amulet
 13013 | D:6      | Identified the amulet of the First Souls {Ward *Drain rPois rN+ Str+3} (You found it on level 6 of the Dungeon)
 13359 | D:7      | Offered knowledge of Searing Ray by Vehumet.
 13363 | D:7      | Learned a level 2 spell: Searing Ray
 13380 | D:7      | Noticed Joseph
 13420 | D:7      | Killed Joseph
 13481 | D:7      | Mangled by an orc warrior

Vault maps used:
D:1:      onia_arrival_mini_maze_b, st_stairs_5, hangedman_decor_clover_reticule
D:2:      nicolae_ru_awakened_eye
D:3:      first_bread
D:4:      nicolae_gozag_cash_rules_everything_around_me, grunt_ministairs_2,
          uniq_pikel, uniq_robin, uniq_edmund
D:5:      lemuel_doored_altar, basic_altar, serial_bayou_pond_e
D:6:      minmay_temple_entry_poolview, portal_sewer_entry_b, serial_undead,
          serial_undead_a, serial_undead_f, serial_undead_e, serial_undead_f,
          serial_undead_f, bh_walls_and_bars
D:7:      uniq_menkaure, uniq_joseph
Temple:   chambers_temple_12
Sewer:    sewer_co_tree

Action                   |  1- 3 |  4- 6 |  7- 9 || total
-------------------------+-------+-------+-------++-------
Melee: Club              |   105 |   155 |       ||   260
       Whip              |       |   118 |       ||   118
       Hand axe          |       |    27 |    19 ||    46
       Mace              |       |       |   102 ||   102
 Fire: Blowgun           |       |       |     9 ||     9
       Hunting sling     |       |       |     4 ||     4
Throw: Stone             |     6 |       |     2 ||     8
 Cast: Sandblast         |    30 |    67 |   329 ||   426
       Stoneskin         |       |     2 |    20 ||    22
       Stone Arrow       |       |       |    55 ||    55
       Lee's Rapid Decon |       |       |     2 ||     2
 Abil: Evoke Flight      |       |       |    11 ||    11
Evoke: Wand              |       |       |     1 ||     1
  Use: Scroll            |       |     3 |     7 ||    10
       Potion            |       |       |     1 ||     1
 Stab: Sleeping          |       |     1 |     4 ||     5
       Distracted        |       |     1 |       ||     1
  Eat: Chunk             |     3 |     6 |    11 ||    20
       Bread ration      |     1 |       |     1 ||     2
       Meat ration       |       |     1 |     1 ||     2
       Pizza             |       |       |     1 ||     1
       Beef jerky        |       |       |     1 ||     1
